 Dungeon Crawl Stone Soup version 0.24.1 (webtiles) character file.

Game seed: 17788740487726096864, levelgen mode: deterministic

4240 Peloso the Carver (level 10, 0/86 HPs)
             Began as a Minotaur Fighter on Apr 4, 2020.
             Was a Priest of Okawaru.
             Killed by vampiric draining
             ... invoked by a vampire
              (9 damage)
             ... on level 9 of the Dungeon.
             The game lasted 00:16:56 (7660 turns).

Peloso the Carver (Minotaur Fighter)                Turns: 7660, Time: 00:16:57

Health: 0/86       AC: 13    Str: 28    XL:     10   Next: 9%
Magic:  0/9        EV:  7    Int:  5    God:    Okawaru [***...]
Gold:   557        SH: 18    Dex: 11    Spells: 9/9 levels left

rFire    . . .     SeeInvis .   a - +2 long sword (flame)
rCold    . . .     Gourm    .   c - +0 large shield
rNeg     . . .     Faith    .   w - +0 chain mail
rPois    .         Spirit   +   (helmet restricted)
rElec    .         Reflect  .   (no cloak)
rCorr    .         Harm     .   p - +0 pair of gloves
MR       +....                  K - +0 pair of boots
Stlth    ..........             k - amulet of guardian spirit
HPRegen  0.24/turn              G - ring of protection from magic
MPRegen  0.11/turn              (no ring)

@: mighty
A: retaliatory headbutt, horns 2
a: Heroism, Renounce Religion


You were on level 9 of the Dungeon.
You worshipped Okawaru.
Okawaru was most pleased with you.
You were hungry.

You visited 2 branches of the dungeon, and saw 10 of its levels.
You also visited: Sewer.

You collected 557 gold pieces.

Inventory:

Hand Weapons
 a - a +2 long sword of flaming (weapon)
 b - a +0 long sword
Armour
 c - a +0 large shield (worn)
 o - a +0 scale mail
 p - a +0 pair of gloves (worn)
 w - a +0 chain mail (worn)
 K - a +0 pair of boots (worn)
Jewellery
 k - an amulet of guardian spirit (around neck)
 G - a ring of protection from magic (left hand)
 H - a cursed ring of attention {unknown}
Wands
 q - a wand of digging (9)
 u - a wand of random effects (50)
 y - a wand of paralysis (9)
 E - a wand of disintegration (15)
Scrolls
 g - 2 scrolls of remove curse
 i - 7 scrolls of identify
 j - 4 scrolls of teleportation {unknown}
 l - a scroll of random uselessness {unknown}
 m - 4 scrolls of magic mapping {unknown}
 n - 3 scrolls of enchant weapon {unknown}
 r - 3 scrolls of fog {unknown}
 s - 4 scrolls of blinking {unknown}
 z - 2 scrolls of amnesia {unknown}
 B - 2 scrolls of fear {unknown}
 F - 3 scrolls of noise {unknown}
 I - a scroll of enchant armour {unknown}
Potions
 e - 3 potions of brilliance
 h - 7 potions of curing
 t - 3 potions of flight
 v - a potion of invisibility
 x - 2 potions of agility
 A - 2 potions of ambrosia {unknown}
 C - a potion of haste
 D - a potion of magic
 J - a potion of lignification {unknown}
 L - a potion of resistance {unknown}
 M - a potion of heal wounds {unknown}
Comestibles
 f - 18 rations


   Skills:
 + Level 7.0 Fighting
 + Level 11.1 Long Blades
 + Level 8.4 Armour
 + Level 3.3 Dodging
 + Level 0.3 Stealth
 + Level 9.6 Shields
 + Level 0.1 Invocations


You had 9 spell levels left.
You didn't know any spells.
Your spell library contained the following spells:

 Spells                   Type           Power        Failure   Level  Hunger
 Animate Skeleton         Necr           N/A          100%        1    ##.....
 Apportation              Tloc           #.....       100%        1    ##.....
 Confusing Touch          Hex            #.....       100%        1    ##.....
 Sandblast                Erth           #.....       100%        1    ##.....
 Summon Small Mammal      Summ           #...         100%        1    ##.....
 Passwall                 Tmut/Erth      #.......     100%        2    ###....
 Stone Arrow              Conj/Erth      #.....       100%        3    ####...
 Petrify                  Tmut/Erth      #.......     100%        4    #####..
 Lee's Rapid Deconstruct  Erth           #.........   100%        5    ######.


Dungeon Overview and Level Annotations

Branches:
Dungeon (9/15)             Temple (1/1) D:7            Lair (0/6) D:9
  Sewer (visited)
    Orc: D:9-12

Altars:
Ashenzari
Gozag
Hepliaklqana
Kikubaaqudgha
Makhleb
Okawaru
Qazlal
Sif Muna
Trog
Uskayaw
Wu Jian
The Shining One

Annotations:
D:4 1 transporter, Destapler's ghost, amateur DDNe
D:8 1 runed translucent door, Amplified's ghost, novice BaMo


Innate Abilities, Weirdness & Mutations

You reflexively headbutt those who attack you in melee.
You have a pair of horns on your head.


Message History

You block something's attack. Something bites you but does no damage.
You miss something. You slash something! You burn something.
Something hits you.
* * * LOW HITPOINT WARNING * * *
Something bites you.
* * * LOW HITPOINT WARNING * * *
Something draws strength from your injuries!
Okay, then.
Okay, then.
You feel very mighty all of a sudden.
Unholy energy fills the air.
* * * LOW HITPOINT WARNING * * *
You don't have enough magic at the moment.
You barely miss something. Something completely misses you. x2
You slash something! You burn something. Your headbutt misses something.
Something hits you.
* * * LOW HITPOINT WARNING * * *
You block something's attack.
You closely miss something.
Unholy energy fills the air.
You die...

........#
..>.....#
..<.....########
................
..............#
.(............#
..............#
......{@......#
########......# #.
#......# #..
#......# ...
#......#
#.########......#
#...............#
+...............#
#.................


There were no monsters in sight!

Vanquished Creatures
  A two-headed ogre (D:8)
  A hippogriff (D:3)
  A spriggan (D:7)
  2 hungry ghosts
  An orc warrior (D:8)
  Purgy (Sewer)
  A sky beast (D:7)
  2 eyes of draining (D:7)
  2 phantoms
  6 ogres
  2 centaurs
  3 bullfrogs
  2 scorpions
  5 killer bees (D:9)
  A howler monkey (D:8)
  5 crimson imps
  A jelly (D:7)
  A centaur zombie (D:8)
  A hound (D:7)
  5 orc priests
  2 iguanas
  Ijyb (D:5)
  Terence (D:3)
  4 orc wizards
  6 worker ants
  A killer bee zombie (D:7)
  A hound zombie (D:5)
  A mummy (D:5)
  Robin (D:4)
  2 howler monkey skeletons
  16 adders
  4 shadow imps
  An ooze (D:3)
  2 adder zombies
  An adder skeleton (D:3)
  3 worms
  3 dart slugs
  6 leopard geckos
  17 orcs
  5 giant cockroaches (D:1)
  15 goblins
  7 hobgoblins
  4 jackals (D:1)
  6 quokkas
  3 ball pythons
  7 bats
  9 frilled lizards
  A hobgoblin zombie (D:5)
  11 kobolds
  A kobold zombie (D:5)
  2 orc zombies (D:5)
  A quokka skeleton (D:8)
  7 rats
196 creatures vanquished.

Notes
Turn   | Place    | Note
-------+----------+-------------------------------------------
     0 | D:1      | Peloso the Minotaur Fighter began the quest for the Orb.
     0 | D:1      | Reached XP level 1. HP: 19/19 MP: 0/0
    24 | D:1      | Reached XP level 2. HP: 27/27 MP: 1/1
   354 | D:1      | Reached XP level 3. HP: 33/33 MP: 2/2
   692 | D:1      | Reached skill level 3 in Long Blades
   899 | D:2      | Reached XP level 4. HP: 24/40 MP: 3/3
  1688 | D:3      | Reached skill level 1 in Dodging
  1839 | D:3      | Noticed a hippogriff
  1857 | D:3      | Reached XP level 5. HP: 14/46 MP: 2/4
  1861 | D:3      | Killed a hippogriff
  1861 | D:3      | Reached skill level 4 in Long Blades
  1861 | D:3      | Reached skill level 5 in Armour
  1861 | D:3      | Reached skill level 5 in Shields
  1861 | D:3      | Reached XP level 6. HP: 10/53 MP: 1/5
  2197 | D:3      | Noticed Terence
  2379 | D:3      | Killed Terence
  2529 | D:4      | Noticed Robin
  2630 | D:4      | Killed Robin
  2650 | D:4      | Noticed a hungry ghost
  2666 | D:4      | Killed a hungry ghost
  2666 | D:4      | Reached skill level 5 in Fighting
  2666 | D:4      | Reached skill level 5 in Long Blades
  2666 | D:4      | Reached XP level 7. HP: 55/61 MP: 6/6
  3538 | D:4      | Reached skill level 6 in Long Blades
  3545 | D:4      | Noticed Destapler's ghost (amateur DDNe)
  3546 | D:4      | Found a transporter.
  3766 | D:4      | Found an ancient bone altar of Kikubaaqudgha.
  3970 | D:5      | Entered Level 5 of the Dungeon
  4076 | D:5      | Reached skill level 7 in Long Blades
  4076 | D:5      | Reached XP level 8. HP: 65/69 MP: 5/7
  4812 | D:5      | Noticed Ijyb
  4817 | D:5      | Killed Ijyb
  4999 | D:6      | Reached skill level 8 in Long Blades
  5125 | D:6      | Found a glowing drain.
  5137 | Sewer    | Entered a sewer
  5160 | Sewer    | Noticed Purgy
  5168 | Sewer    | Killed Purgy
  5381 | D:6      | Found a glowing golden altar of the Shining One.
  5386 | D:6      | Found a hazy altar of Hepliaklqana.
  5387 | D:6      | Found a shimmering blue altar of Sif Muna.
  5391 | D:6      | Found a burning altar of Makhleb.
  5392 | D:6      | Found a hide-covered altar of Uskayaw.
  5760 | D:7      | Found a staircase to the Ecumenical Temple.
  5773 | Temple   | Entered the Ecumenical Temple
  5854 | Temple   | Became a worshipper of Warmaster Okawaru
  5958 | D:7      | Reached skill level 9 in Long Blades
  5958 | D:7      | Reached XP level 9. HP: 50/75 MP: 8/8
  6551 | D:7      | Found a bloodstained altar of Trog.
  6571 | D:7      | Reached * piety under Okawaru
  6972 | D:8      | Reached skill level 10 in Long Blades
  7015 | D:8      | Found an opulent altar of Gozag.
  7212 | D:8      | Found a runed translucent door.
  7218 | D:8      | Noticed Amplified's ghost (novice BaMo)
  7230 | D:8      | Noticed a two-headed ogre
  7241 | D:8      | Killed a two-headed ogre
  7241 | D:8      | Reached ** piety under Okawaru
  7241 | D:8      | Reached XP level 10. HP: 38/84 MP: 5/9
  7522 | D:9      | Found a staircase to the Lair.
  7569 | D:9      | Reached skill level 11 in Long Blades
  7582 | D:9      | Reached *** piety under Okawaru
  7660 | D:9      | Killed from afar by a vampire

Levels and vault maps discovered:
D:1:      minmay_arrival_solitary_statue, layout_basic, minmay_worlds_worst_comb
D:2:      layout_loops_ring
D:3:      layout_basic, first_ration, uniq_terence
D:4:      layout_loops_corners, marbit_many_paths, gammafunk_ghost_smash,
          serial_bayou_pond_a, skrybe_limestone_x, uniq_robin
D:5:      layout_basic, serial_rivers, chequers_serial_rivers_micro_a,
          chequers_serial_rivers_small_3, chequers_serial_rivers_marsh,
          chequers_serial_rivers_small_3, minmay_misc_feat_enclosed,
          minmay_mini_ossuary, uniq_ijyb
D:6:      layout_cave_pools, grunt_temple_overflow_open, portal_sewer_entry_d
D:7:      layout_basic, minmay_temple_entry_mini_moons, the_bakery,
          trog_eyes_of_draining
D:8:      layout_rooms, grunt_gozag_breadcrumbs, hellmonk_ghost_happy_afterlife
D:9:      layout_irregular_city, lair_entry_dummy
Temple:   regret_index_temple_generic_petals

Skill      XL: |  1  2  3  4  5  6  7  8  9 10 |
---------------+-------------------------------+-----
Armour         | 4 5 6 7 8 |  8.4
Shields        | 4 5 6 8 9 |  9.6
Fighting       | 4 5 6 7 |  7.0
Long Blades    | 3 4 5 7 9 10 11 | 11.1
Dodging        | 1 2 3 |  3.3
Stealth        | |  0.3
Invocations    | |  0.1

Action                   |  1- 3 |  4- 6 |  7- 9 | 10-12 || total
-------------------------+-------+-------+-------+-------++-------
Melee: Long sword        |    80 |   200 |   334 |    45 ||   659
       Headbutt          |    11 |    35 |    69 |     9 ||   124
Invok: Heroism           |       |       |     1 |     1 ||     2
  Use: Potion            |     4 |     1 |     1 |     1 ||     7
       Scroll            |       |     1 |     5 |       ||     6
  Eat: Chunk             |       |     6 |    11 |     1 ||    18
       Ration            |       |     1 |     1 |       ||     2
Armor: Scale mail        |    42 |    82 |    25 |       ||   149
       Chain mail        |       |       |    59 |    10 ||    69
Dodge: Dodged            |    23 |    31 |    45 |    10 ||   109
Block: Shield            |    34 |     8 |       |       ||    42
       Large shield      |       |   169 |   246 |    33 ||   448
       Rpst.: Long sword |     7 |     8 |    19 |     3 ||    37
